 Dungeon Crawl Stone Soup version 0.21.1-1-g345015fe64 (webtiles) character file.

94 Ivernyr the Charmwright (level 4, -4/34 HPs)
             Began as a Demonspawn Skald on Apr 26, 2018.
             Killed by divine providence
             ... invoked by an orc priest
              (16 damage)
             ... on level 3 of the Dungeon.
             The game lasted 00:04:52 (1672 turns).

Ivernyr the Charmwright (Demonspawn Skald)          Turns: 1672, Time: 00:04:53

Health: -4/34      AC:  6    Str: 11    XL:     4   Next: 38%
Magic:  4/7        EV: 17    Int: 15    God:
Gold:   73         SH:  0    Dex: 13    Spells: 2/7 levels left

rFire    . . .     SeeInvis .   a - +0 falchion
rCold    . . .     Gourm    .   (no shield)
rNeg     . . .     Faith    .   b - +0 leather armour
rPois    .         Spirit   .   (no helmet)
rElec    .         Reflect  .   l - +0 cloak
rCorr    .         Harm     .   (no gloves)
MR       .....                  (no boots)
Stlth    +.........             (no amulet)
HPRegen  0.11/turn              h - +5 ring of evasion
MPRegen  0.10/turn              (no ring)

@: singing
A: hooves 1, iridescent scales 1
a: no special abilities


You were on level 3 of the Dungeon.
You were not hungry.

You visited 1 branch of the dungeon, and saw 3 of its levels.

You collected 73 gold pieces.

Inventory:

Hand Weapons
 a - a +0 falchion (weapon)
Armour
 b - a +0 leather armour (worn)
 l - a +0 cloak (worn)
Jewellery
 h - a +5 ring of evasion (left hand)
Scrolls
 e - a scroll of remove curse {unknown}
 f - a scroll of enchant armour {unknown}
 k - a scroll of identify {unknown}
 n - a scroll of immolation {unknown}
 o - a scroll of teleportation {unknown}
 p - a scroll of fear {unknown}
 q - 2 scrolls of enchant weapon {unknown}
Potions
 g - a potion of haste {unknown}
 i - 2 potions of berserk rage {unknown}
 j - 2 potions of degeneration {unknown}
 m - 3 potions of flight {unknown}
 r - a potion of agility {unknown}
 s - a potion of lignification {unknown}
 t - 2 potions of curing {unknown}
 u - a potion of resistance {unknown}
Books
 c - a book of Battle

   Spells                             Type                      Level
   a - Infusion                       Charms                       1
   b - Shroud of Golubria             Charms/Translocation         2
   c - Song of Slaying                Charms                       2
   d - Spectral Weapon                Hexes/Charms                 3
   e - Regeneration                   Charms/Necromancy            3
Comestibles
 d - 3 rations
 v - a chunk of flesh


   Skills:
 + Level 2.7 Fighting
 + Level 2.4 Long Blades
 * Level 2.5 Armour
 - Level 1.7 Dodging
 - Level 2.0 Spellcasting
 + Level 3.2 Charms


You had 2 spell levels left.
You knew the following spells:

 Your Spells              Type           Power        Failure   Level  Hunger
a - Shroud of Golubria    Chrm/Tloc      #.........   22%         2    ###....
b - Song of Slaying       Chrm           ##......     12%         2    ###....
c - Infusion              Chrm           ##..         8%          1    #......


Dungeon Overview and Level Annotations

Branches:
Dungeon (3/15)

Altars:
Hepliaklqana


Innate Abilities, Weirdness & Mutations

You have large cloven feet.
You are partially covered in iridescent scales. (AC +2)


Message History

The orc wizard's wounds heal themselves!
The orc completely misses you. The orc priest barely misses you.
You riposte.
You hit the orc priest.
You kick the orc priest, but do no damage.
The orc priest is lightly wounded.
The orc wizard closely misses you.
You hit the orc priest but do no damage.
You kick the orc priest, but do no damage.
The orc priest is lightly wounded.
The orc misses you. The orc wizard closely misses you.
The orc priest hits you with a trident.
Unknown command.
The orc priest completely misses you.
The orc wizard gestures at you while chanting.
You resist with some effort.
The orc wizard casts a spell.
The orc wizard blinks!
The orc priest invokes the aid of Beogh against you.
Beogh smites you!
You die...

#.# #.#.#.## .######.##
##.##.###
..........####.#.#...#
##
#.######......###...)#
.# #.#
#.#####.#.#...####.# .#
#.# #o# ##...........#
.# #.# #.# #####.#######
.# #.# #o#######.##.# .#
#.# #oo§..@..#...#
.###.##############o##.#
..((......#########.##.#
.##.#####.(....).......#
.##.# ###########.####
.##.# #.# (##.# #.#
.##.# #.# ...)# #.#


You could see an orc priest, an orc wizard and 2 orcs.

Vanquished Creatures
  Terence (D:2)
  3 adders
  An ooze (D:1)
  A worm (D:3)
  2 leopard geckos
  An orc (D:3)
  A ball python (D:1)
  A bat (D:2)
  2 giant cockroaches
  3 goblins
  3 hobgoblins
  5 kobolds
  A quokka (D:2)
  3 frilled lizards
  5 rats
33 creatures vanquished.

Notes
Turn   | Place    | Note
-------+----------+-------------------------------------------
     0 | D:1      | Ivernyr the Demonspawn Skald began the quest for the Orb.
     0 | D:1      | Reached XP level 1. HP: 16/16 MP: 3/3
     6 | D:1      | Reached skill level 1 in Armour
   321 | D:1      | Gained mutation: You are partially covered in iridescent scales. (AC +2) [demonic ancestry]
   321 | D:1      | Reached XP level 2. HP: 22/22 MP: 5/5
   795 | D:1      | Learned a level 2 spell: Song of Slaying
   798 | D:1      | Learned a level 2 spell: Shroud of Golubria
   937 | D:2      | Noticed Terence
   956 | D:2      | Killed Terence
   956 | D:2      | Reached skill level 3 in Charms
   956 | D:2      | Reached XP level 3. HP: 14/28 MP: 2/6
  1262 | D:2      | Found a hazy altar of Hepliaklqana.
  1445 | D:3      | Gained mutation: You have large cloven feet. [demonic ancestry]
  1445 | D:3      | Reached XP level 4. HP: 34/34 MP: 2/7
  1672 | D:3      | Killed from afar by an orc priest

Skill      XL: |  1  2 |
---------------+-------+-----
Armour         | 1 2 |  2.5
Long Blades    | 2 |  2.4
Charms         | 3 |  3.2
Fighting       | |  2.7
Dodging        | |  1.7
Spellcasting   | |  2.0

Action                   |  1- 3 |  4- 6 || total
-------------------------+-------+-------++-------
Melee: Falchion          |    78 |    24 ||   102
       Kick              |       |    11 ||    11
 Cast: Shroud of Golubri |     5 |     5 ||    10
       Song of Slaying   |       |     1 ||     1
 Stab: Sleeping          |     1 |       ||     1
  Eat: Chunk             |     2 |     1 ||     3
Armor: Leather armour    |    16 |     6 ||    22
Dodge: Dodged            |    58 |    33 ||    91
       Rpst.: Falchion   |    17 |     7 ||    24
